 Dungeon Sprint DCSS version 0.03.2.1-57-gb351b3c6d7 (webtiles) character file.

Game seed: 5814665879328146562, levelgen mode: deterministic

29 esc the Ducker (level 3, 0/4 HPs) Fairy Fire Elementalist. Began on Feb 4, 2021. Was a Follower of Vehumet. Slain by a water moccasin (1 damage) ... in the Dungeon (Sprint V: "Ziggurat Sprint"). The game lasted 00:02:30 (126 turns).

esc the Ducker (Fairy Fire Elementalist)             Turns: 126, Time: 00:02:30

Health: 0/4        AC:  0    Str:  2    XL:     3 ^: 55
Magic:  0/3        EV: 30    Int: 23    God:    Vehumet [1* [38]]
Gold:   0          SH:  0    Dex: 17    Spells: 10/13 levels left

rFire    . . .     Vision   .   x - ring of intelligence
rCold    . . .     Gourm    .
rNeg     . . .     Faith    .
rPois    .         Spirit   .
rElec    .         Reflect  .
rCorr    .         Harm     .
MR       .....     NoTele   +
Stlth    +.........
HPRegen  0.11/turn
MPRegen  0.13/turn

@: glowing, slow
A: tiny, no armour or weapons, only one jewelry slot, no melee attacks, fairy
magic, fairy shield, fairy light, decreased potion and divine healing, slowness
1, able to fly, insubstantial
a: Fly, Renounce Religion


You were in the Dungeon.
You worshipped Vehumet.
Vehumet was aware of your devotion.
You were not hungry.

You visited 1 branch

Inventory:

Jewellery
 x - a ring of intelligence (around core)
Wands
 r - a wand of disintegration (7)
 s - a wand of iceblast (7)
 t - a wand of acid (7)
Scrolls
 h - 4 scrolls of blinking
 m - 4 scrolls of amnesia
 n - 7 scrolls of fog
 o - a scroll of holy word
 p - 5 scrolls of bless item
 q - 2 scrolls of fear
Potions
 a - 2 potions of brilliance
 c - 8 potions of curing
 d - 10 potions of heal wounds
 e - 6 potions of haste
 f - 7 potions of magic
 g - 3 potions of berserk rage
 i - 4 potions of resistance
 k - 5 potions of agility
 l - 5 potions of might
Miscellaneous
 A - a crystal ball of energy
 B - a lightning rod (4/4)
Comestibles
 b - 7 rations


   Skills:
 + Level 6.7 Dodging
 - Level 1.4 Stealth
 + Level 5.6 Spellcasting
 + Level 6.1 Fire Magic


You had 10 spell levels left.
You knew the following spells:

 Your Spells              Type           Power        Failure   Level  Hunger
a - Foxfire               Fire           25 (25)      1%          1    None
b - Searing Ray           Fire           34 (50)      1%          2    None

Your spell library contained the following spells:

 Spells                   Type           Power        Failure   Level  Hunger
 Conjure Flame            Fire           34 (100)     1%          3    #......
 Inner Flame              Hex/Fire       20 (100)     8%          3    #......
 Sandblast                Erth           6 (50)       9%          1    None
 Fireball                 Fire           34 (200)     19%         5    #####..
 Sticky Flame             Fire/Pois      20 (100)     24%         4    ###....


Dungeon Overview and Level Annotations

Branches:
Dungeon (1/1)

Altars:
Ashenzari
Cheibriados
Dithmenos
Elyvilon
Fedhas Madash
Gozag Ym Sagoz
Hepliaklqana
Kikubaaqudgha
Makhleb
Nemelex Xobeh
Okawaru
Qazlal
Ru
Sif Muna
Trog
Uskayaw
Vehumet
Wu Jian
Xom
Yredelemnul
Zin
The Shining One
Beogh
Jiyva
Lugonu

Annotations:
D 1 transporter


Innate Abilities, Weirdness & Mutations

You are too small to use any gear.
You can wear a single ring or amulet completely around your body.
You are incapable of melee of any kind.
Your magic reserves are extremely low but spells that normally cost one mana are free and all other spells cost one mana.
You are extremely frail but all attacks that strike you do exactly one damage.
You exude a bright light in a small radius around yourself.
The effect of potions and godly healing effects is reduced to match your tiny health and magic reserves.
You cover ground slowly.
You can fly continuously.
Your insubstantial form boosts your evasion and grants immunity to sticky flames, nets and constriction.


Message History

The water moccasin closely misses you (0).
The water moccasin bites you (5).
* * * LOW HITPOINT WARNING * * *
The water moccasin misses you (0).
Things that are here:
a +4 vampiric lajatang; a ball python corpse; an adder corpse The water moccasin bites you (1).
* * * LOW HITPOINT WARNING * * *
Casting: Searing Ray (safe; 1% risk of failure)
Confirm with . or Enter, or press ? or * to list all spells.
Aiming: Searing Ray (safe; 1% risk of failure)
Press: ? - help, Shift-Dir - straight line, f/p - water moccasin
Aim: a water moccasin (severely wounded (7/25), haloed)
The searing ray misses the water moccasin. (Press . to maintain the ray.)
The water moccasin closely misses you (0).
The searing ray hits the water moccasin (5).
The water moccasin is almost dead. (2/25) HP The water moccasin misses you (0).
The water moccasin bites you (7)!
You die...

▓▓▓▓▓▓▓▓▓▓▓▓▓
▓.8©8.▓.8©8.▓
▓.)=|.▓.....▓
▓.S@..▓.).).▓
▓.....▓.....▓
▓.....▓..†.†▓
▓.....▓..©..▓
▓..©..▓▓▓▓▓▓▓
▓▓▓▓▓▓▓


You could see a water moccasin.

Vanquished Creatures
  An adder (D)
  A sewer rat (D)
  A ball python (D)
  A jackal (D)
4 creatures vanquished.

Vanquished Creatures (others)
  2 spatial maelstroms (D)
2 creatures vanquished.

Grand Total: 6 creatures vanquished

Notes
Turn   | Place    | Note
-------+----------+-------------------------------------------
     0 | D        | esc the Fairy Fire Elementalist began the quest for the
                  | Orb.
     0 | D        | Reached XP level 1. HP: 3/3 MP: 3/3
     0 | D        | Found a shimmering blue altar of Sif Muna.
     0 | D        | Found a sacrificial altar of Ru.
     0 | D        | Found a bloodstained altar of Trog.
     0 | D        | Found a stormy altar of Qazlal.
     0 | D        | Found an iron altar of Okawaru.
     0 | D        | Found a sparkling altar of Nemelex Xobeh.
     0 | D        | Found a blossoming altar of Fedhas.
     1 | D        | Found the +6 Majin-Bo {vampiric, corrupt archmagi; MP+6
                  | Int+6}
     1 | D        | Found the +9 ballista "Sniper" {velocity, Acc+∞ +Vis}
     1 | D        | Found the +10 dark maul {crush}
     1 | D        | Found the +15 Maxwell's patent armour {-Cast -Tele rElec
                  | MR+ rCorr}
     1 | D        | Found the +18 shield of the Gong {rElec rN+ MR+ EV-5}
     1 | D        | Found the +14 obsidian axe {chop, +Fly +Vis Soulbond}
     1 | D        | Found the +7 great mace "Firestarter" {inner flame, rF++}
     1 | D        | Found the +6 shillelagh "Devastator" {shatter}
     1 | D        | Found the +11 plutonium sword {*Contam Stlth-}
     1 | D        | Found the +8 lance "Wyrmbane" {slay drac, rPois rF+ rC+
                  | AC+3}
     1 | D        | Found the +9 sword of Zonguldrok {reap}
     1 | D        | Found the +13 scythe of Curses {drain, Soulbond}
     1 | D        | Found the +0 sword of Power
     1 | D        | Found the +7 mace of Variability {chain chaos}
     1 | D        | Found the +7 Singing Sword {penetrate, sonic wave}
     1 | D        | Found the +8 storm bow {elec, penet}
     2 | D        | Found a transporter.
     2 | D        | Found an ancient bone altar of Kikubaaqudgha.
     2 | D        | Found a viscous altar of Jiyva.
     2 | D        | Found a corrupted altar of Lugonu.
     2 | D        | Found a hazy altar of Hepliaklqana.
     2 | D        | Found a burning altar of Makhleb.
     2 | D        | Found an opulent altar of Gozag.
     7 | D        | Banished a spatial maelstrom
    17 | D        | Banished a spatial maelstrom
    35 | D        | Became a worshipper of Vehumet
    39 | D        | Reached skill level 5 in Spellcasting
    39 | D        | Reached skill level 5 in Fire Magic
    39 | D        | Reached XP level 2. HP: 3/3 MP: 3/3
    43 | D        | Learned a level 2 spell: Searing Ray
    70 | D        | Entered arena 2.
    70 | D        | Found a transporter.
   102 | D        | Entered arena 3.
   102 | D        | Noticed a water moccasin
   102 | D        | Found a transporter.
   115 | D        | Reached * piety under Vehumet
   115 | D        | Offered knowledge of Sandblast by Vehumet.
   116 | D        | Reached XP level 3. HP: 4/4 MP: 0/3
   126 | D        | Slain by a water moccasin

Levels and vault maps discovered:
D:        sprint_v [room_start, room_1, room_2, room_3, room_4, room_5, room_6,
          room_7, room_8, room_9, room_10, room_11, room_12, room_13, room_14,
          room_15, room_16, room_17, room_18, room_19, room_20, room_21,
          room_22, room_23, room_24, room_25, room_26, room_27]

Skill      XL: |  1  2 |
---------------+-------+-----
Dodging        | 6 |  6.7
Spellcasting   | 5 |  5.6
Fire Magic     | 5 6 |  6.1
Stealth        | |  1.4

Action                   || total
-------------------------++-------
 Cast: Searing Ray       ||    10
  Use: Potion            ||     3
Dodge: Dodged            ||    28
